 Dungeon Crawl Stone Soup version 0.30-a0-304-gdc4b735fe1 (webtiles) character file.

Game seed: 6384443828995018625

9102 GreatBamboolord the Thaumaturge (level 11, -8/63 HPs)
             Began as a Mummy Necromancer on Oct 20, 2022.
             Was an Elder of Hepliaklqana.
             Killed from afar by an acid dragon (25 damage)
             ... with a splash of acid
             ... on level 10 of the Dungeon.
             The game lasted 00:34:49 (11933 turns).

GreatBamboolord the Thaumaturge (MuNe)             Turns: 11933, Time: 00:34:50

Health: -8/63      AC:  6    Str: 12    XL:     11   Next: 18%
Magic:  24/27      EV: 13    Int: 25    God:    Hepliaklqana [****..]
Gold:   330        SH:  5    Dex: 12    Spells: 15/34 levels left

rFire   . . .      SeeInvis .    u - +4 spear (vamp)
rCold   + + .      Faith    +    (no shield)
rNeg    + + +      Spirit   .    s - +1 leather armour {rC+}
rPois   ∞          Reflect  +    D - +0 helmet
rElec   .          Harm     .    r - +0 cloak
rCorr   .          Rampage  .    y - +2 pair of gloves {Stlth+}
Will    +....                    t - +0 pair of boots
Stlth   ++++......               n - amulet of reflection
HPRegen 0.30/turn                v - ring of protection from fire
MPRegen 0.20/turn                C - +6 ring of intelligence

@: about to teleport, corroded, animating dead
A: reduced essence, cold resistance 1, negative energy resistance 3, torment
resistance 2, heat vulnerability 1, in touch with death 1, no potions, faith
a: Renounce Religion, Recall Ancestor, Ancestor Identity, Transference, Idealise


You were on level 10 of the Dungeon.
You worshipped Hepliaklqana.
Hepliaklqana was greatly pleased with you.
You visited 2 branches of the dungeon, and saw 11 of its levels.

You collected 680 gold pieces.
You spent 350 gold pieces at shops.

Inventory:

Hand Weapons
 g - the +4 arbalest of Vuch {penet, Str+5}
   (You found it on level 2 of the Dungeon)

   Any ammunition fired by it passes through the targets it hits, potentially
   hitting all targets in its path until it reaches maximum range.
   Str:       It affects your strength (+5).
 u - a +4 vampiric spear (weapon)
Missiles
 B - 3 throwing nets
Armour
 a - a +0 robe
 r - a +0 cloak (worn)
 s - a +1 leather armour of cold resistance (worn)
 t - a +0 pair of boots (worn)
 y - a +2 pair of gloves of stealth (worn)
 D - a +0 helmet (worn)
Jewellery
 n - an amulet of reflection (around neck)
 v - a ring of protection from fire (left hand)
 w - a ring of protection from fire
 C - a +6 ring of intelligence (right hand)
Wands
 q - a wand of flame (39)
 z - a wand of acid (7)
 F - a wand of paralysis (6)
Scrolls
 b - 4 scrolls of noise
 c - a scroll of magic mapping
 d - a scroll of amnesia
 e - 6 scrolls of teleportation
 f - a scroll of poison {unknown}
 h - a scroll of torment {unknown}
 i - 4 scrolls of immolation
 j - 2 scrolls of acquirement {unknown}
 k - 2 scrolls of blinking
 l - 2 scrolls of enchant armour {unknown}
 m - a scroll of fear {unknown}
 o - 2 scrolls of silence {unknown}
 p - a scroll of vulnerability
 x - a scroll of summoning {unknown}
 A - a scroll of brand weapon


   Skills:
 + Level 1.4 Fighting
 * Level 5.3 Dodging
 * Level 6.6 Stealth
 + Level 1.4 Shields
 * Level 12.2 Spellcasting
 * Level 10.3 Necromancy
 * Level 2.3 Ice Magic
 - Level 3.0 Invocations


You had 15 spell levels left.
You knew the following spells:

 Your Spells              Type           Power      Damage    Failure   Level
a - Necrotise             Necr           100%       1d9       1%          1
b - Vampiric Draining     Necr           79%        2d11      1%          3
c - Animate Dead          Necr           79%        N/A       1%          4
d - Agony                 Necr           79%        N/A       1%          5
e - Simulacrum            Ice/Necr       31%        N/A       50%         6

Your spell library contained the following spells:

 Spells                   Type           Power      Damage    Failure   Level
 Apportation              Tloc           30%        N/A       4%          1
 Sandblast                Erth           30%        2d9       4%          1
 Summon Small Mammal      Summ           60%        N/A       4%          1
 Passwall                 Tmut/Erth      12%        N/A       8%          2
 Hailstorm                Conj/Ice       21%        3d6       10%         3
 Gell's Gravitas          Tloc           15%        N/A       16%         3
 Ignite Poison            Fire/Tmut/Pois 15%        N/A       16%         3
 Kindle Blastsparks       Fire/Tloc/Air  30%        2d12      16%         3
 Lesser Beckoning         Tloc           30%        N/A       16%         3
 Stone Arrow              Conj/Erth      30%        3d8       16%         3
 Teleport Other           Tloc           15%        N/A       16%         3
 Freezing Cloud           Conj/Ice/Air   9%         6-21      71%         5
 Alistair's Intoxication  Tmut/Pois      10%        N/A       80%         5
 Ice Form                 Ice/Tmut       Unusable   N/A       N/A         4

Dungeon Overview and Level Annotations

Branches:
Dungeon (10/15)            Temple (1/1) D:4
   Lair: D:8-11         Orc: D:9-12

Altars:
Ashenzari
Cheibriados
Dithmenos
Fedhas
Gozag
Hepliaklqana
Kikubaaqudgha
Makhleb
Nemelex Xobeh
Okawaru
Qazlal
Ru
Sif Muna
Trog
Uskayaw
Wu Jian
Xom
Yredelemnul

Shops:
D:1 [   D:8 ([


Innate Abilities, Weirdness & Mutations

Your life essence is reduced to manifest your ancestor. (-10% HP)
You are immune to poison.
Your flesh is cold resistant. (rC+)
You are immune to negative energy. (rN+++)
You are immune to unholy pain and torment.
You are vulnerable to heat. (rF-)
You are in touch with the powers of death.
You do not drink.
You have a special connection with the divine. (Faith)


Message History

Something hits you but does no damage.
Things that are here:
a +0 shortbow; a centaur corpse
Casting: Vampiric Draining (safe; 1% risk of failure)
Confirm with . or Enter, or press ? or * to list all spells.
You feel a surge of power!
You dismiss your zombies and call upon the dead to rise afresh.
Your orc wizard zombie crumbles into dust!
Your komodo dragon zombie crumbles into dust!
Your orc warrior zombie crumbles into dust!
Your orc wizard zombie crumbles into dust! x2
Your orc zombie crumbles into dust!
Something hits Tephop!
Something closely misses Tephop.
Something hits Tephop.
Tephop hits something with a +0 quarterstaff!
The acid dragon bites Tephop!
The acid dragon claws Tephop.
You reach to attack!
You closely miss the acid dragon.
Something hits Tephop but does no damage.
Tephop hits the acid dragon with a +0 quarterstaff!
The acid dragon spits acid at you.
The splash of acid hits Tephop!
The acid corrodes Tephop!
Tephop is destroyed!
You reach to attack!
You hit the acid dragon.
The acid dragon is heavily wounded.
Something hits you but does no damage.
You reach to attack!
You hit the acid dragon.
You feel better.
The acid dragon is severely wounded.
Something hits you! The acid dragon spits acid at you.
The splash of acid hits you!! The acid corrodes you!
You are too injured to fight recklessly!
Something hits you! Something hits you.
* * * LOW HITPOINT WARNING * * *
Something hits you.
* * * LOW HITPOINT WARNING * * *
As you read the scroll of teleportation, it crumbles to dust.
You feel strangely unstable. The acid dragon spits acid at you.
The splash of acid hits you!!
You die...

########.## #Z# #########
#Z# #..ZZR..######Z#
#R#####...ZZZZZ#
###Z#####..#####Z#####
#######.......########R#...#
Z....##.#.#####...##...Z...#
ZZ##.##.#.#.#.'.@D)#......##
#Z##.##R#.##..####'####[###
#Z##.##Z#.#...#.......###
#Z##.##.####Z##.⌠...⌠.#
.)...##.#888Z##....⌠..#
Z.#####ZZ.Z..8#...⌠...+ ###
###888.##..⌠....# #
####+##.⌠...⌠.# # #.......#


You could see an acid dragon (catching breath).

Vanquished Creatures
  2 two-headed ogres (D:9)
  A troll (D:10)
  A hornet (D:10)
  A wyvern (D:8)
  A water moccasin (D:5)
  An ice beast (D:8)
  A sky beast (D:8)
  4 ogres
  A centaur (D:8)
  A phantom (D:7)
  A bullfrog (D:6)
  2 scorpions
  A gnoll sergeant (D:7)
  A wight (D:8)
  6 killer bees
  2 howler monkeys
  A crimson imp (D:5)
  7 hounds
  2 jellies
  5 orc priests
  2 iguanas (D:5)
  5 orc wizards
  A killer bee zombie (D:6)
  A howler monkey zombie (D:6)
  6 adders
  15 gnolls
  An orc zombie (D:10)
  A white imp (D:7)
  An ufetubus (D:6)
  A worm (D:2)
  3 dart slugs
  23 orcs
  13 endoplasms
  3 giant cockroaches
  7 hobgoblins
  7 jackals
  5 quokkas
  4 ball pythons
  9 bats
  4 frilled lizards
  7 goblins
  7 kobolds
  8 rats
176 creatures vanquished.

Vanquished Creatures (collateral kills)
  Harold (D:9)
  A komodo dragon (D:10)
  A troll (D:10)
  A vampire (D:10)
  3 yaks (D:9)
  2 water moccasins (D:6)
  5 ice beasts
  4 orc warriors
  An ogre (D:7)
  A phantom (D:5)
  2 centaurs
  3 bullfrogs
  A necrophage (D:6)
  A gnoll sergeant (D:10)
  14 wights
  12 killer bees
  2 electric eels (D:9)
  3 bullfrog zombies (D:6)
  A human zombie (D:6)
  A hound (D:4)
  An orc priest (D:7)
  An iguana (D:6)
  5 orc wizards
  2 mummies (D:6)
  6 gnolls
  2 white imps
  An ufetubus (D:7)
  5 orcs
  An endoplasm (D:1)
  A goblin (D:1)
  A frilled lizard (D:1)
86 creatures vanquished.

Vanquished Creatures (others)
  2 yak zombies (D:9)
  4 killer bee zombies (D:9)
  4 battlemagi
  A howler monkey zombie (D:9)
  An ancestor (D:5)
  A quokka (D:7)
  A gnoll zombie (D:10)
  2 orc zombies (D:10)
16 creatures vanquished.

Grand Total: 278 creatures vanquished

Notes
Turn   | Place    | Note
-------+----------+-------------------------------------------
     0 | D:1      | GreatBamboolord the Mummy Necromancer began the quest for
                  | the Orb.
     0 | D:1      | Reached XP level 1. HP: 13/13 MP: 4/4
   340 | D:1      | Reached XP level 2. HP: 19/19 MP: 3/5
   483 | D:1      | Found Hainoh's Armour Shoppe.
   487 | D:1      | Found a faded altar of an unknown god.
   613 | D:1      | Reached skill level 3 in Spellcasting
   862 | D:1      | Gained mutation: You are in touch with the powers of death.
                  | [Mummy growth]
   862 | D:1      | Reached XP level 3. HP: 21/24 MP: 0/7
  1207 | D:1      | Learned a level 3 spell: Vampiric Draining
  1267 | D:2      | Identified the +4 arbalest of Vuch {penet, Str+5}
  1507 | D:2      | Reached XP level 4. HP: 30/30 MP: 4/9
  1640 | D:2      | Reached skill level 4 in Spellcasting
  2311 | D:3      | Learned a level 4 spell: Animate Dead
  2321 | D:3      | Reached skill level 5 in Necromancy
  2504 | D:3      | Reached XP level 5. HP: 35/35 MP: 3/12
  2758 | D:3      | Reached skill level 5 in Spellcasting
  3074 | D:4      | Found a shadowy altar of Dithmenos.
  3363 | D:4      | Reached XP level 6. HP: 36/41 MP: 7/14
  3640 | D:4      | Reached skill level 6 in Spellcasting
  3785 | D:4      | Learned a level 5 spell: Agony
  3803 | D:4      | Reached XP level 7. HP: 11/46 MP: 0/16
  4145 | D:4      | Found a staircase to the Ecumenical Temple.
  4169 | Temple   | Entered the Ecumenical Temple
  4252 | Temple   | Became a worshipper of Hepliaklqana the Forgotten
  4916 | D:5      | Entered Level 5 of the Dungeon
  5038 | D:5      | Found a stormy altar of Qazlal.
  5149 | D:5      | Reached skill level 7 in Spellcasting
  5248 | D:5      | Reached * piety under Hepliaklqana
  5540 | D:5      | Reached XP level 8. HP: 46/46 MP: 13/19
  5737 | D:5      | Reached skill level 8 in Spellcasting
  5737 | D:5      | Reached skill level 1 in Invocations
  5943 | D:5      | Found a shimmering altar of Xom.
  5943 | D:5      | Found a burning altar of Makhleb.
  6488 | D:6      | Reached ** piety under Hepliaklqana
  6489 | D:6      | Remembered your ancestor Tephop as a battlemage
  6936 | D:6      | Found a basalt altar of Yredelemnul.
  7157 | D:6      | Reached skill level 9 in Spellcasting
  7215 | D:6      | Reached XP level 9. HP: 47/52 MP: 11/22
  7466 | D:7      | Reached skill level 5 in Stealth
  7758 | D:7      | Learned a level 6 spell: Simulacrum
  7860 | D:7      | Reached skill level 10 in Spellcasting
  8042 | D:7      | Reached *** piety under Hepliaklqana
  8308 | D:8      | Found Didiefin's Weapon Emporium.
  8352 | D:8      | Reached skill level 1 in Shields
  8452 | D:8      | Found an ornate altar of the Wu Jian Council.
  8477 | D:8      | Reached skill level 1 in Fighting
  8666 | D:8      | Found Ronniep's Antique Armour Shoppe.
  8675 | D:8      | Bought a pair of embroidered gloves for 150 gold pieces
  8686 | D:8      | Bought a glowing leather armour for 100 gold pieces
  8686 | D:8      | Bought a dyed leather armour for 100 gold pieces
  8804 | D:8      | Found a hide-covered altar of Uskayaw.
  8968 | D:8      | Reached XP level 10. HP: 58/58 MP: 20/24
  9010 | D:8      | Reached skill level 1 in Ice Magic
  9262 | D:9      | Noticed a two-headed ogre
  9276 | D:9      | Killed a two-headed ogre
  9837 | D:9      | Reached skill level 11 in Spellcasting
  9926 | D:9      | Reached skill level 5 in Dodging
 10092 | D:9      | Reached **** piety under Hepliaklqana
 10211 | D:9      | Noticed a two-headed ogre
 10229 | D:9      | Killed a two-headed ogre
 10294 | D:9      | Noticed Harold
 10305 | D:9      | Killed Harold
 10306 | D:9      | Reached skill level 10 in Necromancy
 10797 | D:10     | Entered Level 10 of the Dungeon
 10842 | D:10     | Reached XP level 11. HP: 35/63 MP: 19/26
 11096 | D:10     | Reached skill level 12 in Spellcasting
 11933 | D:10     | Killed from afar by an acid dragon

Illustrated notes

Levels and vault maps discovered:
D:1:      roderic_dead_forest, layout_basic,
          hellmonk_ecumenical_altar_arch_garden, serial_shops, shop,
          hangedman_decor_points, minmay_hexomino_c4
D:2:      layout_loops_ring, minmay_three_crescents
D:3:      layout_rooms
D:4:      layout_basic, kennysheep_mini_moat, minmay_temple_entry_overgrown
D:5:      layout_cave_pools, grunt_temple_overflow_champion_of_chaos,
          grunt_qazlal_clouds, corexii_item_surrounded_by_moat, kennysheep_dice
D:6:      layout_basic, lemuel_mausoleum_altar_yredelemnul
D:7:      layout_basic, elyvilon_altar_4, serial_curves, eino_curves_03,
          eino_curves_01, eino_curves_04, eino_curves_01,
          nicolae_fountain_basement
D:8:      layout_loops_ring, kennysheep_mini, mainiacjoe_overflow_alcove_1,
          lemuel_coloured_pillars_altar, serial_shops, shop,
          nicolae_shop_hallway_plus, hangedman_decor_opposing
D:9:      layout_gridville, kennysheep_cross_room, minmay_misc_feat_iff,
          uniq_harold
D:10:     minmay_chambers_of_sevens, layout_loops_corners, vehumet_statue
Temple:   nicolae_temple_bog_church

Skill      XL: |  1  2  3  4  5  6  7  8  9 10 11 |
---------------+----------------------------------+-----
Spellcasting   | 3 4 5 6 7 9 10 11 12 | 12.2
Dodging        | 2 3 4 5 |  5.3
Stealth        | 2 3 4 5 6 |  6.6
Necromancy     | 5 6 7 8 10 | 10.3
Invocations    | 1 3 |  3.0
Shields        | 1 |  1.4
Fighting       | 1 |  1.4
Ice Magic      | 2 |  2.3

Action                   |  1- 3 |  4- 6 |  7- 9 | 10-12 || total
-------------------------+-------+-------+-------+-------++-------
Melee: Unarmed           |    26 |    20 |    14 |       ||    60
       Punch             |       |     1 |     1 |       ||     2
       Morningstar       |       |       |    13 |       ||    13
       Spear             |       |       |   156 |   126 ||   282
 Cast: Necrotise         |    64 |   103 |    74 |    22 ||   263
       Vampiric Draining |       |    17 |    31 |    25 ||    73
       Animate Dead      |       |       |     4 |     8 ||    12
       Agony             |       |       |       |     4 ||     4
Invok: Ancestor Identity |       |       |     1 |       ||     1
       Ancestor Life: Ba |       |       |     1 |       ||     1
       Recall Ancestor   |       |       |     1 |     1 ||     2
  Use: Scroll            |     2 |     2 |    10 |     3 ||    17
 Stab: Distracted        |     1 |       |     2 |     1 ||     4
       Sleeping          |       |     2 |    14 |     8 ||    24
Armor: Robe              |     7 |     2 |    34 |       ||    43
       Leather armour    |       |       |     4 |    35 ||    39
Dodge: Dodged            |    28 |    35 |   114 |    67 ||   244
Block: Other             |       |       |    40 |    26 ||    66
       Reflection        |       |       |     1 |     2 ||     3

Table legend: (Time is in decaauts)
 A = Elapsed time spent in this place.
 B = Non-inter-level travel time spent in this place.
 C = Inter-level travel time spent in this place.
 D = Time resting spent in this place.
 E = Time spent auto-exploring this place.
 F = Levels seen in this place.
 G = Mean time per level.
                   A        B        C        D        E       F      G
               +--------+--------+--------+--------+--------+-----+--------+
         Total |  11982 |  11452 |    530 |   1643 |   7825 |  11 | 1089.3 |
       Dungeon |  11874 |  11362 |    512 |   1643 |   7825 |  10 | 1187.4 |
        Temple |    107 |     90 |     17 |      0 |      0 |   1 |  107.0 |
               +--------+--------+--------+--------+--------+-----+--------+

Top non-repeatable levels by time:
     D:9: 1561 daAuts
     D:4: 1456 daAuts
     D:6: 1299 daAuts
     D:1: 1256 daAuts
     D:2: 1218 daAuts
    D:10: 1141 daAuts
     D:5: 1068 daAuts
     D:3: 1018 daAuts
     D:8: 967 daAuts
     D:7: 886 daAuts
  Temple: 107 daAuts
